Map: Nightshade LE

Players

Massa - Winner!

  • Race: Terran Terran
  • League: Gold
  • Spawn Location: 11:00

Fantom

  • Race: Protoss Protoss
  • League: Gold
  • Spawn Location: 5:00

VOD

Have the link to the VOD?

Description

Time

  • Played on: May 27, 2020, 12:24 p.m.
  • Length: 10:34
Show
View Real Time Build Order
Export as new Build Order

Massa Terran - Winner!

Build Orders:  

Get SALT Encoding   

  12  0:14  SCV, Supply Depot  
  13  0:26  SCV  
  14  0:37  Barracks  
  14  0:38  SCV  
  15  0:49  Supply Depot  
  15  0:52  SCV  
  16  1:05  SCV  
  17  1:16  Refinery  
  17  1:26  Orbital Command  
  17  1:27  Refinery  
  17  1:30  Marine  
  18  1:47  Marine  
  19  1:54  SCV  
  20  2:14  Marine  
  21  2:17  SCV  
  21  2:22  Barracks  
  21  2:32  Engineering Bay  
  21  2:42  Marine  
  21  2:43  Command Center  
  22  2:44  SCV  
  23  2:53  Factory  
  23  2:56  SCV  
  24  3:00  Marine  
  24  3:03  Missile Turret  
  25  3:14  Barracks Reactor  
  25  3:18  SCV  
  26  3:24  Missile Turret  
  26  3:30  SCV  
  26  3:33  Missile Turret  
  27  3:37  Missile Turret  
  27  3:39  Factory Tech Lab  
  27  3:45  Missile Turret  
  27  3:48  Barracks Tech Lab  
  27  3:52  Marine x2  
  29  4:01  SCV  
  30  4:10  Marine x2  
  30  4:13  SCV  
  30  4:15  Missile Turret  
  33  4:19  Siege Tank  
  36  4:25  SCV  
  36  4:28  Marine x2  
  39  4:34  SCV  
  39  4:36  Missile Turret  
  39  4:37  SCV  
  41  4:39  Marauder  
  41  4:45  Marine, Terran Infantry Weapons Level 1  
  43  4:46  SCV, Marine  
  46  4:55  Supply Depot  
  46  5:04  Combat Shield  
  46  5:12  Supply Depot  
  46  5:17  SCV, Marauder, Supply Depot  
  49  5:21  Missile Turret  
  49  5:25  Barracks  
  49  5:26  Orbital Command  
  49  5:35  SCV  
  50  5:37  Missile Turret  
  50  5:47  SCV, Missile Turret  
  51  5:57  Missile Turret  
  51  5:59  SCV  
  51  6:00  Marauder, Marine x2  
  56  6:16  Missile Turret  
  56  6:17  Barracks Reactor  
  56  6:26  Starport  
  56  6:32  SCV x2  
  58  6:41  Siege Tank  
  58  6:44  SCV  
  58  6:46  Marauder, Marine x2  
  66  7:01  Marine  
  66  7:02  Starport, Marine  
  66  7:04  Marine x2  
  70  7:18  Supply Depot  
  70  7:40  SCV, Marauder, Medivac, Siege Tank  
  70  7:41  Supply Depot  
  78  7:53  Supply Depot  
  78  8:03  SCV, Marauder, Marine x2  
  78  8:04  Supply Depot  
  82  8:05  Command Center  
  82  8:09  Terran Infantry Armor Level 1  
  82  8:15  SCV  
  82  8:16  Supply Depot  
  82  8:17  Armory  
  83  8:21  Marine x2, Siege Tank  
  83  8:25  Marauder  
  90  8:27  SCV  
  90  8:29  Medivac  
  93  8:34  Refinery  
  93  8:38  Marine x2, Supply Depot  
  93  8:39  SCV  
  96  8:41  SCV  
  96  8:43  Refinery  
  97  8:50  Marauder, Marine x2  
  97  8:51  SCV  
  97  8:53  SCV  
  103  8:56  Marine x2  
  103  9:01  Siege Tank  
  108  9:08  Engineering Bay, Marine x2  
  110  9:11  Marauder  
  110  9:14  SCV, Marine x2  
  110  9:15  SCV  
  116  9:26  SCV, Marine x2  
  116  9:27  SCV  
  116  9:29  Missile Turret  
  120  9:31  Medivac  
  120  9:32  Marine, Medivac  
  125  9:38  SCV  
  125  9:39  SCV  
  125  9:40  Concussive Shells  
  127  9:50  Orbital Command, Missile Turret, SCV  
  127  9:51  SCV  
  129  10:03  SCV x2  
  128  10:15  SCV x2  
Show
View Real Time Build Order
Export as new Build Order

Fantom Protoss 

Build Orders:  

Get SALT Encoding   

  12  0:01  Probe (Chrono Boost)  
  13  0:10  Probe (Chrono Boost)  
  14  0:17  Pylon  
  14  0:21  Probe  
  15  0:37  Gateway  
  15  0:39  Probe  
  16  0:51  Probe  
  17  1:03  Probe  
  18  1:11  Assimilator  
  18  1:29  Cybernetics Core  
  18  1:43  Probe (Chrono Boost)  
  20  1:54  Probe (Chrono Boost)  
  20  2:27  Assimilator  
  20  2:28  Probe, Stalker (Chrono Boost)  
  23  2:48  Pylon  
  23  2:56  Warp Gate (Chrono Boost)  
  23  3:06  Probe, Stalker  
  23  3:08  Pylon  
  23  3:12  Gateway  
  26  3:13  Gateway  
  26  3:16  Pylon  
  26  3:18  Probe  
  26  3:19  Pylon  
  27  3:23  Pylon  
  27  3:36  Stalker  
  29  3:47  Robotics Facility  
  29  4:06  Twilight Council, Stalker  
  29  4:09  Pylon  
  31  4:12  Pylon  
  31  4:17  Forge  
  31  4:34  Immortal (Chrono Boost)  
  31  4:36  Stalker  
  37  4:45  Stalker  
  39  5:03  Photon Cannon  
  39  5:08  Blink (Chrono Boost)  
  39  5:10  Warp Prism (Chrono Boost)  
  41  5:27  Sentry  
  43  5:43  Immortal (Chrono Boost)  
  47  5:55  Nexus  
  47  5:59  Assimilator  
  47  6:02  Assimilator  
  47  6:05  Pylon  
  47  6:14  Stalker  
  47  6:16  Stalker  
  51  6:25  Pylon  
  51  7:02  Stalker x2  
  51  7:03  Zealot  
  51  7:06  Charge (Chrono Boost)  
  57  7:25  Nexus  
  57  7:31  Pylon  
  57  7:37  Probe (Chrono Boost)  
  58  7:48  Probe (Chrono Boost)  
  59  7:52  Probe (Chrono Boost)  
  61  7:58  Observer  
  61  8:03  Probe  
  62  8:15  Probe, Stalker  
  62  8:16  Zealot x2  
  69  8:20  Observer  
  70  8:27  Probe  
  71  8:38  Observer  
  71  8:39  Probe  
  72  8:46  Robotics Facility  
  72  8:51  Probe  
  72  8:53  Stalker  
  72  8:54  Zealot x2  
  79  8:55  Observer  
  79  9:03  Probe  
  80  9:15  Probe  
  81  9:28  Probe, Zealot  
  81  9:29  Zealot  
  86  9:34  Immortal  
  90  9:40  Probe  
  90  9:44  Zealot  
  93  9:50  Zealot  
  93  9:51  Zealot  
  93  9:52  Probe  
  90  10:14  Zealot x2  
  90  10:15  Zealot  
Tags
 
League
GoldGold
Matchup
PvT
Replay Pack
Multiplayer
Spawn Locations
Cross Positions
Add a new tag
Caveats
  • Supply blocks, unpowered buildings, or Contaminate may cause inaccurate times.
  • Supply counts are checked every 10 seconds.